 Dungeon Crawl Stone Soup version 0.22-a0-247-gbddf880 (webtiles) character file.

41 matakusis the Magician (level 3, -7/19 HPs)
             Began as a Deep Elf Wizard on Feb 24, 2018.
             Mangled by Terence
             ... wielding a +3 trident of freezing
              (14 damage)
             ... on level 3 of the Dungeon.
             The game lasted 00:09:08 (1711 turns).

matakusis the Magician (Deep Elf Wizard)            Turns: 1711, Time: 00:09:08

Health: -7/19      AC:  3    Str:  4    XL:     3   Next: 32%
Magic:  1/12       EV: 13    Int: 23    God:
Gold:   108        SH:  0    Dex: 13    Spells: 6/13 levels left

rFire    . . .     SeeInvis .   (no weapon)
rCold    . . .     Gourm    .   (no shield)
rNeg     . . .     Faith    .   a - +0 robe
rPois    .         Spirit   .   b - +0 hat
rElec    .         Reflect  .   (no cloak)
rCorr    .         Harm     .   (no gloves)
MR       .....                  j - +0 pair of boots
Stlth    ++........             (no amulet)
HPRegen  0.06/turn              (no ring)
MPRegen  0.13/turn              (no ring)

@: no status effects
A: no striking features
a: no special abilities


You were on level 3 of the Dungeon.
You were not hungry.

You visited 1 branch of the dungeon, and saw 3 of its levels.

You collected 108 gold pieces.

Inventory:

Missiles
 f - 27 stones (quivered)
Armour
 a - a +0 robe (worn)
 b - a +0 hat (worn)
 j - a +0 pair of boots (worn)
Scrolls
 e - 2 scrolls of identify
 g - a scroll of remove curse
 h - a scroll of teleportation
Comestibles
 c - 5 rations
 d - 3 chunks of flesh


   Skills:
 - Level 2.4 Dodging
 - Level 2.6 Stealth
 + Level 5.6 Spellcasting
 + Level 1.3 Conjurations
 * Level 1.8 Summonings
 + Level 1.1 Translocations


You had 6 spell levels left.
You knew the following spells:

 Your Spells              Type           Power        Failure   Level  Hunger
a - Magic Dart            Conj           ##..         4%          1    None
b - Call Imp              Summ           ###.....     6%          2    None
c - Blink                 Tloc           N/A          9%          2    None
d - Sticks to Snakes      Tmut           #.......     13%         2    None


Dungeon Overview and Level Annotations

Branches:
Dungeon (3/15)

Altars:

Annotations:
D:3 Terence


Message History

Your crimson imp closely misses Terence.
Your crimson imp barely misses Terence.
A kobold comes into view.
Your crimson imp disappears in a puff of smoke!
Terence closely misses your crimson imp.
Your crimson imp hits Terence but does no damage.
Casting: Magic Dart (safe; 4% risk of failure)
Confirm with . or Enter, or press ? or * to list all spells.
Aiming: Magic Dart (safe; 4% risk of failure)
Press: ? - help, Shift-Dir - straight line, f/p - Terence
Aim: Terence, wielding a trident of freezing and wearing a chain mail (almost dead)
The magic dart hits Terence.
Terence is almost dead.
Terence barely misses you.
Your crimson imp hits Terence but does no damage.
There is a stone staircase leading up here.
Found 12 stones.
Terence hits you from afar with a trident of freezing!
Ouch! That really hurt!
You die...

..######### #.........# ##.
..#######.# #.. .# ### #.#
#(. .# #.# #.# .## ##.## #.#
..# #...# #.# ..# # #)#.#
#.# ..# ## ##...# #@#####..#
.## ##..### #..@5....#
..####...###########K...###
..+................(ยง.....'
..###....)..########5$..###
.## #.#####.# #..### ## #.
#.# #.## # #. #.# #.# #. #.#
#.#


You could see Terence, a kobold and a friendly crimson imp.

Vanquished Creatures
  4 bats (D:1)
  A giant cockroach (D:2)
  4 hobgoblins
  5 kobolds
  2 quokkas (D:2)
  3 frilled lizards
  A goblin (D:1)
  6 rats
26 creatures vanquished.

Vanquished Creatures (collateral kills)
  A worm (D:2)
  A dart slug (D:1)
  2 orcs (D:3)
  A goblin (D:1)
  3 jackals (D:2)
  2 quokkas (D:2)
  A ball python (D:3)
  2 frilled lizards
  2 rats
15 creatures vanquished.

Grand Total: 41 creatures vanquished

Notes
Turn   | Place    | Note
-------+----------+-------------------------------------------
     0 | D:1      | matakusis the Deep Elf Wizard began the quest for the Orb.
     0 | D:1      | Reached XP level 1. HP: 10/10 MP: 7/7
   400 | D:1      | Reached skill level 5 in Spellcasting
   400 | D:1      | Reached XP level 2. HP: 15/15 MP: 7/10
   408 | D:1      | Learned a level 2 spell: Call Imp
   411 | D:1      | Learned a level 2 spell: Blink
   969 | D:2      | Learned a level 2 spell: Sticks to Snakes
  1160 | D:2      | Reached XP level 3. HP: 19/19 MP: 8/12
  1671 | D:3      | Noticed Terence
  1711 | D:3      | Mangled by Terence

Vault maps used:
D:1:      dpeg_arrival_tiny_c
D:2:      minmay_misc_feat_five
D:3:      nicolae_overflow_crystal_walls, uniq_terence

Skill      XL: |  1 |
---------------+----+-----
Spellcasting   | 5 |  5.6
Dodging        | |  2.4
Stealth        | |  2.6
Conjurations   | |  1.3
Summonings     | |  1.8
Translocations | |  1.1

Action                   || total
-------------------------++-------
Melee: Unarmed           ||     6
       Dagger            ||     1
 Cast: Magic Dart        ||    60
       Call Imp          ||    33
  Use: Scroll            ||     4
  Eat: Chunk             ||     2
Armor: Robe              ||     1
Dodge: Dodged            ||    20

Table legend:
 A = Spawn XP
 B = Non-spawn XP
 C = Spawn XP percentage of total XP
 D = Spawn monster count
 E = Non-spawn monster count
 F = Spawn count percentage of total count
 G = Total turns spent on level
                    A         B        C        D         E        F      G
               +---------+---------+-------+---------+---------+-------+---------
         Total |       0 |      59 |   0.0 |       0 |      41 |   0.0 |  1711
               +---------+---------+-------+---------+---------+-------+---------
           D:1 |       0 |      33 |   0.0 |       0 |      23 |   0.0 |   883
           D:2 |       0 |      20 |   0.0 |       0 |      14 |   0.0 |   712
           D:3 |       0 |       6 |   0.0 |       0 |       4 |   0.0 |   116
               +---------+---------+-------+---------+---------+-------+---------
